 Dungeon Crawl Stone Soup version 0.27.0-1-g7a089689b8 (webtiles) character file.

Game seed: 3118144373385536886

128 ZARRMARR the Chopper (level 5, 0/46 HPs)
             Began as a Hill Orc Monk on Aug 8, 2021.
             Slain by Natasha (4 damage)
             ... on level 3 of the Dungeon.
             The game lasted 00:13:13 (3504 turns).

ZARRMARR the Chopper (Hill Orc Monk)                Turns: 3504, Time: 00:13:13

Health: 0/46       AC:  5    Str: 15    XL:     5   Next: 11%
Magic:  5/5        EV: 12    Int: 10    God:
Gold:   59         SH:  0    Dex: 13    Spells: 4/4 levels left

rFire    . . .     SeeInvis .   a - +0 hand axe
rCold    . . .     Faith    .   (no shield)
rNeg     . . .     Spirit   .   b - +0 robe
rPois    .         Reflect  .   i - +1 helmet
rElec    .         Harm     .   (no cloak)
rCorr    .         Rampage  .   (no gloves)
Will     .....                  j - +0 pair of boots
Stlth    ++........             (no amulet)
HPRegen  0.15/turn              (no ring)
MPRegen  0.09/turn              (no ring)

@: no status effects
A: no striking features
a: no special abilities


You were on level 3 of the Dungeon.
You visited 1 branch of the dungeon, and saw 3 of its levels.

You collected 59 gold pieces.

Inventory:

Hand Weapons
 a - a +0 hand axe (weapon)
 c - a +0 club
Missiles
 d - 173 stones (quivered)
Armour
 b - a +0 robe (worn)
 i - a +1 helmet (worn)
 j - a +0 pair of boots (worn)
Scrolls
 l - 2 scrolls of identify {unknown}


   Skills:
 + Level 4.3 Fighting
 + Level 5.7 Axes
 + Level 1.1 Throwing
 + Level 2.9 Dodging
 + Level 2.0 Stealth


You had 4 spell levels left.
You didn't know any spells.
Your spell library contained the following spells:

 Spells                   Type           Power      Damage    Failure   Level
 Summon Small Mammal      Summ           0%         N/A       36%         1
 Sublimation of Blood     Necr           0%         N/A       50%         2
 Wereblood                Tmut           0%         N/A       50%         2
 Call Canine Familiar     Summ           0%         N/A       75%         3
 Summon Guardian Golem    Hex/Summ       0%         N/A       75%         3
 Summon Hydra             Summ           0%         N/A       100%        7


Dungeon Overview and Level Annotations

Branches:
Dungeon (3/15)

Altars:

Annotations:
D:3 1 runed translucent door, Natasha; hawla's ghost, weakling DEDe


Message History

Press: ? - help, Q - select action Shift-Dir - straight line, f/p - Natasha
Aim: Natasha (51% to hit)
You throw a stone. The stone hits Natasha.
Natasha is lightly wounded.
Unknown command.
Throw: 176 stones
Press: ? - help, Q - select action Shift-Dir - straight line, p - Natasha You throw a stone.
Throw: 175 stones
Press: ? - help, Q - select action Shift-Dir - straight line You throw a stone.
The stone hits Natasha.
Natasha is moderately wounded.
Natasha casts a spell at you. The magic dart hits you.
The white imp gestures at you. The puff of frost hits you!
Throw: 174 stones
Press: ? - help, Q - select action Shift-Dir - straight line, f - Natasha
Aim: Natasha (moderately wounded, 51% to hit)
You throw a stone. The stone closely misses Natasha.
Natasha stares at you and mumbles some strange words.
The magic dart hits you!
Natasha casts a spell.
The white imp gestures at you. The puff of frost hits you!
* * * LOW HITPOINT WARNING * * *
As you read the scroll of teleportation, it crumbles to dust.
You feel strangely unstable. Natasha claws you.
* * * LOW HITPOINT WARNING * * *
The white imp hits you.
* * * LOW HITPOINT WARNING * * *
The white imp freezes you.
* * * LOW HITPOINT WARNING * * *
It was a potion of cancellation.
You feel strangely stable.
You feel magically purged. Natasha barely misses you.
Unknown command.
You closely miss Natasha.
Natasha is lightly wounded.
You closely miss the crimson imp. Natasha claws you.
You die...

.............................#
.............................#
##..........(................#
...........(................#
#..........(................#
#...........................###
#............5..............##.
#............h5...†.......(....
........######@##)##.######....
........# #.##.##.## #.... ...
#######..# #.... .. ≈≈S≈WS#..#
#.... ≈?≈≈SS+..# #....
≈≈≈≈≈r#.## ##### #########


You could see Natasha, a crimson imp (summoned) and a white imp (summoned).

Vanquished Creatures
  Natasha (twice) (D:3)
  Robin (D:2)
  An adder (D:2)
  A worm (D:2)
  3 orcs (D:3)
  3 bats
  2 endoplasms
  2 giant cockroaches (D:2)
  15 goblins
  8 hobgoblins
  A quokka (D:3)
  2 ball pythons (D:3)
  A kobold (D:1)
  7 rats
49 creatures vanquished.

Notes
Turn   | Place    | Note
-------+----------+-------------------------------------------
     0 | D:1      | ZARRMARR the Hill Orc Monk began the quest for the Orb.
     0 | D:1      | Reached XP level 1. HP: 19/19 MP: 1/1
   365 | D:1      | Reached XP level 2. HP: 24/27 MP: 2/2
  1165 | D:2      | Noticed Robin
  1173 | D:2      | Reached XP level 3. HP: 31/33 MP: 3/3
  1728 | D:2      | Found a faded altar of an unknown god.
  2122 | D:2      | Killed Robin
  2123 | D:2      | Reached skill level 5 in Axes
  2123 | D:2      | Reached XP level 4. HP: 25/40 MP: 4/4
  2658 | D:3      | Noticed Natasha
  2738 | D:3      | Killed Natasha
  2739 | D:3      | Reached skill level 1 in Throwing
  2969 | D:3      | Noticed Natasha
  3044 | D:3      | Killed Natasha
  3045 | D:3      | Reached XP level 5. HP: 36/46 MP: 5/5
  3273 | D:3      | Found a runed translucent door.
  3279 | D:3      | Noticed hawla's ghost (weakling DEDe)
  3454 | D:3      | Noticed Natasha
  3504 | D:3      | Slain by Natasha

Illustrated notes

Levels and vault maps discovered:
D:1:      lightli_arrival_statuegarden, layout_loops_corners,
          chequers_serial_rivers_small_a
D:2:      layout_basic, shapermc_ecumenical_altar_venn, uniq_robin
D:3:      layout_basic, demons_altar, mainiacjoe_overflow_boulevard,
          ebering_ghost_sewer_f, uniq_ijyb, uniq_natasha

Skill      XL: |  1  2  3  4 |
---------------+-------------+-----
Fighting       | 4 |  4.3
Stealth        | 2 |  2.0
Axes           | 5 |  5.7
Throwing       | 1 |  1.1
Dodging        | |  2.9

Action                   |  1- 3 |  4- 6 || total
-------------------------+-------+-------++-------
Melee: Hand axe          |   115 |    74 ||   189
Throw: Stone             |    49 |    23 ||    72
  Use: Scroll            |     3 |     3 ||     6
       Potion            |     2 |     1 ||     3
 Stab: Sleeping          |     3 |       ||     3
Armor: Robe              |    29 |    20 ||    49
Dodge: Dodged            |    67 |    55 ||   122
